 Dungeon Crawl Stone Soup version 0.30-a0-779-g7971cf19c3 (webtiles) character file.

Game seed: 6204129274591023523

2 DEFE the Trooper (level 1, 0/21 HPs)
             Began as a Demonspawn Wanderer on Feb 17, 2023.
             Frozen to death by an endoplasm (5 damage)
             ... on level 1 of the Dungeon.
             The game lasted 00:00:09 (55 turns).

DEFE the Trooper (Demonspawn Wanderer)                Turns: 55, Time: 00:00:10

Health: 0/21       AC:  6    Str: 13    XL:     1   Next: 25%
Magic:  1/1        EV:  8    Int:  9    God:
Gold:   0          SH:  0    Dex: 15    Spells: 0/0 levels left

rFire   . . .      SeeInvis .    a - +0 dagger
rCold   . . .      Faith    .    (no shield)
rNeg    . . .      Spirit   .    c - +0 scale mail
rPois   .          Reflect  .    (no helmet)
rElec   .          Harm     .    (no cloak)
rCorr   .          Rampage  .    (no gloves)
Will    .....                    (no boots) Stlth
                                 (no amulet)
HPRegen 0.23/turn                (no ring)
MPRegen 0.07/turn                (no ring)

@: no status effects
A: no striking features
a: no special abilities


You were on level 1 of the Dungeon.
You visited 1 branch of the dungeon, and saw 1 of its levels.

Inventory:

Hand Weapons
 a - a +0 dagger (weapon)
Armour
 c - a +0 scale mail (worn)
Wands
 e - a wand of light (4) (quivered)
Scrolls
 b - a scroll of silence
Potions
 d - a potion of attraction


   Skills:
 + Level 5.1 Fighting
 - Level 1.7 Armour
 - Level 3.0 Evocations


You couldn't memorise any spells.
You didn't know any spells.
Your spell library was empty.

Dungeon Overview and Level Annotations

Branches:
Dungeon (1/15)

Altars:


Message History

A kobold is nearby!
The kobold throws a stone.
The stone closely misses you.
A hobgoblin comes into view.
The hobgoblin shouts!
An endoplasm comes into view.
Found a robe.
The endoplasm quivers.
You see here 6 gold pieces.
The kobold throws a stone.
The stone barely misses you. The kobold hits you with a +0 whip.
You see here 6 gold pieces.
You take 4 damage, and have 17/21 hp.
You hit the kobold. The kobold hits you with a +0 whip.
You take 2 damage, and have 15/21 hp.
You hit the kobold. The hobgoblin barely misses you.
The kobold hits you but does no damage.
You completely miss the kobold. The hobgoblin hits you.
The kobold barely misses you.
You take 4 damage, and have 11/21 hp.
You hit the kobold.
You kill the kobold!
The endoplasm barely misses you. The hobgoblin barely misses you.
You completely miss the hobgoblin. The endoplasm freezes you.
You are frozen.
The hobgoblin hits you.
* * * LOW HITPOINT WARNING * * *
You are too injured to fight recklessly!
You are too injured to fight recklessly!
You take 6 damage, and have 6/21 hp.
MASSIVE DAMAGE!!
Unknown command.
You hit the endoplasm but do no damage. The hobgoblin closely misses you.
The endoplasm hits you.
* * * LOW HITPOINT WARNING * * *
You take 1 damage, and have 5/21 hp.
Unknown command.
You hit the endoplasm. The endoplasm freezes you.
You are frozen.
You die...

..... ...# ..... ...
#....#####..
#..........#
#..........# #
+..........#.## #####.
##.......)...... ~~~~~..
........@g......
8..~.######.....J......
###.~..........###......
~~#8~...#......# ......
.~#.~..........# .....
.~#.~...†.##...# ..[..
.~#8~..........#.# ....
.~#.~...####.....# ....
..'..................


You could see an endoplasm and a hobgoblin.

Vanquished Creatures
  A kobold (D:1)
  A frilled lizard (D:1)
2 creatures vanquished.

Notes
Turn   | Place    | Note
-------+----------+-------------------------------------------
     0 | D:1      | DEFE the Demonspawn Wanderer began the quest for the Orb.
     0 | D:1      | DEFE set off with the following items: a +0 dagger, a
                  | scroll of silence, a +0 scale mail, a potion of attraction,
                  | a wand of light (4).
     0 | D:1      | Reached XP level 1. HP: 21/21 MP: 1/1
    55 | D:1      | Frozen to death by an endoplasm

Illustrated notes

Levels and vault maps discovered:
D:1:      lightli_arrival_isolated_outpost, layout_basic, st_stairs_10

Action                     || total
---------------------------++-------
  Melee: Dagger            ||    17
 Armour: Scale mail        ||     7
  Dodge: Dodged            ||    10

Table legend: (Time is in decaauts)
 A = Elapsed time spent in this place.
 B = Non-inter-level travel time spent in this place.
 C = Inter-level travel time spent in this place.
 D = Time resting spent in this place.
 E = Time spent auto-exploring this place.
 F = Levels seen in this place.
 G = Mean time per level.
                   A        B        C        D        E       F      G
               +--------+--------+--------+--------+--------+-----+--------+
         Total |     55 |     55 |      0 |      0 |     29 |   1 |   55.0 |
       Dungeon |     55 |     55 |      0 |      0 |     29 |   1 |   55.0 |
               +--------+--------+--------+--------+--------+-----+--------+

Top non-repeatable levels by time:
     D:1: 55 daAuts
